AoeStats
← [T41] Flavalon

Black Forest

504339940Analyzed
4v4 RM · 27d ago on Sep 4, 2026· 38m 28s· 8 players
Game mode
Random Map
Map size
Large (8 player)
Population
200
Speed
Normal
Resources
Standard
Victory
Conquest
Starting age
Dark Age
Ending age
Imperial Age
RankedLock teamsTeams togetherTeam positionsShared explorationLock speedFull tech treeHidden civsTurbo modeCheats
Victory
Defeat
🇧🇷 Khmer · Brazil
1399
+14
🇨🇭 Turks · Switzerland
1386
+15
🇳🇱 Hindustanis · Netherlands
1385
+15
🇪🇸 Japanese · Spain
1311
+17
🇹🇷 Bohemians · Türkiye
1364
-16
🇨🇱 Persians · Chile
1358
-15
🇦🇺 Lithuanians · Australia
1345
-15
🇺🇸 Teutons · United States
1341
-15
klack43
11:24 Feudal Age
17:22 Castle Age
15:28 Horse Collar
15:34 Double-Bit Axe
18:49 Heavy Plow
19:00 Bow Saw
20:53 Town Watch
21:45 Wheelbarrow
23:47 Gold Mining
25:46 Hand Cart
25:20 Loom
25:32 Loom
25:32 Town Watch
26:12 Stone Mining
30:40 Imperial Age
30:38 Fletching
31:42 Conscription
32:29 Two-Man Saw
32:01 Crop Rotation
31:08 Onager
32:05 Siege Engineers
33:07 Siege Onager
35:10 Chemistry
34:21 Masonry
37:06 Bodkin Arrow
38:09 Ballistics
38:17 Conscription
38:33 Hoardings
SweatyPenguin
0:40 Loom
11:53 Feudal Age
13:45 Double-Bit Axe
13:41 Horse Collar
22:40 Castle Age
21:09 Gold Mining
24:30 Bloodlines
24:21 Husbandry
24:59 Fervor
25:44 Scale Barding Armor
25:50 Forging
28:19 Sanctity
28:13 Redemption
31:18 Chain Barding Armor
31:34 Iron Casting
Gabito
10:19 Feudal Age
15:18 Castle Age
14:39 Double-Bit Axe
15:24 Bloodlines
16:45 Scale Barding Armor
19:11 Forging
19:52 Forging
20:44 Fervor
21:26 Wheelbarrow
24:02 Horse Collar
24:35 Bow Saw
25:01 Hand Cart
27:09 Gold Mining
30:22 Imperial Age
27:40 Loom
27:56 Town Watch
29:06 Gold Shaft Mining
28:36 Town Patrol
29:09 Forging
29:01 Husbandry
29:22 Chain Barding Armor
30:46 Iron Casting
30:03 Cavalier
31:54 Plate Barding Armor
32:21 Heavy Plow
33:34 Blast Furnace
33:26 Savar
35:12 Two-Man Saw
35:14 Padded Archer Armor
35:38 Fletching
37:43 Chemistry
37:45 Leather Archer Armor
37:34 Heavy Scorpion
hirax34
0:39 Loom
11:45 Feudal Age
15:29 Castle Age
14:01 Double-Bit Axe
17:42 Fortified Wall
21:38 Bow Saw
22:10 Horse Collar
24:35 Heavy Plow
29:58 Imperial Age
28:25 Wheelbarrow
29:45 Chemistry
28:58 Masonry
29:41 Padded Archer Armor
31:47 Leather Archer Armor
33:18 Siege Engineers
VaultBoy
0:44 Loom
10:48 Feudal Age
10:55 Man-at-Arms
15:45 Horse Collar
15:52 Double-Bit Axe
22:19 Castle Age
22:15 Forging
22:36 Gold Mining
23:16 Bow Saw
23:20 Heavy Plow
23:36 Pikeman
27:19 Scale Mail Armor
28:42 Wheelbarrow
28:05 Gambesons
35:59 Imperial Age
35:37 Chain Mail Armor
35:58 Iron Casting
36:50 Stone Mining
37:09 Squires
36:55 Arson
37:06 Halberdier
38:21 Plate Mail Armor
38:54 Blast Furnace
38:18 Conscription
38:19 Kataparuto
[T41] Flavalon
4:37 Loom
10:41 Feudal Age
14:48 Castle Age
12:45 Double-Bit Axe
13:40 Horse Collar
27:36 Imperial Age
27:52 Wheelbarrow
BuildDisorder [2]
6:02 Loom
10:56 Feudal Age
14:54 Castle Age
12:49 Double-Bit Axe
12:47 Horse Collar
15:52 Bow Saw
16:23 Wheelbarrow
15:51 Heavy Plow
17:53 Hand Cart
22:33 Stone Mining
22:33 Gold Mining
23:50 Gold Mining
28:18 Imperial Age
26:03 Scale Barding Armor
26:08 Forging
27:00 Gold Shaft Mining
27:48 Chain Barding Armor
28:55 Iron Casting
28:33 Bloodlines
28:23 Husbandry
28:23 Heavy Camel Rider
29:07 Husbandry
29:44 Plate Barding Armor
30:05 Conscription
29:47 Grand Trunk Road
30:26 Imperial Camel Rider
31:37 Town Watch
32:55 Blast Furnace
35:06 Caravan
Zé Tretinha
11:14 Feudal Age
14:11 Castle Age
12:09 Double-Bit Axe
12:12 Horse Collar
15:45 Bow Saw
16:14 Heavy Plow
21:22 Wheelbarrow
20:34 Loom
23:16 Hand Cart
29:23 Imperial Age
28:04 Gold Mining
28:04 Stone Mining
28:35 Stone Mining
29:22 Gold Shaft Mining
30:24 Ballistics
30:10 Siege Engineers
31:06 Chemistry
29:32 Heavy Scorpion
30:25 Scale Barding Armor
30:30 Forging
30:10 Light Cavalry
31:04 Bloodlines
30:58 Husbandry
31:40 Chain Barding Armor
31:10 Hussar
32:43 Iron Casting
32:11 Double Crossbow
32:32 Conscription
33:40 Plate Barding Armor
36:27 Capped Ram
38:18 Stone Shaft Mining
Connection lost

Rejoining the realm…

Still unreachable

The connection could not be restored.

Session expired

The server has moved on; the page needs a fresh start.